General information
- name: BNet
- type: Ladder 1vs1/FFA
- host: Battle.net
- saver: TALONSAREIMBA
map: TerenasStand_LV
- players: 2
- length: 14:06
- speed: Fast
- version: 1.30 W3XP
- replay type: Public
» download(92 KB)
Players
team 1 (loser)
dimelokid (
yellow | 85 APM | 1189 actions | 14:01)
3 Lich
2 Frost Nova
1 Dark Ritual
» actions
| Assign group hotkey | 31 | |
| Basic commands | 85 | |
| Build / train | 51 | |
| ESC pressed | 5 | |
| Enter build submenu | 10 | |
| Enter hero's abilities submenu | 4 | |
| Give item / drop item | 1 | |
| Right click | 622 | |
| Select / deselect | 192 | |
| Select group hotkey | 128 | |
| Use ability | 60 | |
1189 total
» units
» upgrades
| Unholy Strength | 2 | |
| Unholy Armor | 2 | |
| Ghoul Frenzy | 1 | |
5 total
» buildings
| Crypt | 2 | |
| Altar of Darkness | 1 | |
| Ziggurat | 4 | |
| Tomb of Relics | 1 | |
| Halls of the Dead | 2 | |
| Black Citadel | 1 | |
| Graveyard | 1 | |
12 total
» build order
00:05 Crypt
00:10 Altar of Darkness
00:33 Ziggurat
00:49 Tomb of Relics
01:34 Ziggurat
03:01 Halls of the Dead
03:01 Halls of the Dead
03:59 Ziggurat
04:31 Ziggurat
05:24 Black Citadel
05:29 Crypt
05:47 Graveyard
» items
| Rod of Necromancy | 3 | |
| Orb of Corruption | 1 | |
| Potion of Healing | 1 | |
5 total
team 2 (winner)
TALONSAREIMBA (
green | 177 APM | 2493 actions | 14:06)
4 Death Knight
2 Death Coil
2 Unholy Aura
1 Lich
1 Frost Nova
1 Crypt Lord
1 Impale
» actions
| Assign group hotkey | 24 | |
| Basic commands | 97 | |
| Build / train | 46 | |
| Enter build submenu | 17 | |
| Enter hero's abilities submenu | 6 | |
| Give item / drop item | 4 | |
| Remove unit from queue | 1 | |
| Right click | 1318 | |
| Select / deselect | 443 | |
| Select group hotkey | 449 | |
| Use ability | 87 | |
2493 total
» units
| Acolyte | 7 | |
| Ghoul | 1 | |
| Crypt Fiend | 13 | |
| Forest Troll Shadow Priest | 1 | |
22 total
» upgrades
| Creature Carapace | 1 | |
| Burrow | 1 | |
| Creature Attack | 1 | |
3 total
» buildings
| Crypt | 1 | |
| Graveyard | 2 | |
| Altar of Darkness | 1 | |
| Ziggurat | 5 | |
| Tomb of Relics | 1 | |
| Halls of the Dead | 2 | |
| Black Citadel | 1 | |
| Necropolis | 1 | |
14 total
» build order
00:07 Crypt
00:19 Graveyard
00:21 Graveyard
00:42 Altar of Darkness
00:59 Ziggurat
01:26 Tomb of Relics
02:00 Ziggurat
04:12 Halls of the Dead
04:12 Halls of the Dead
04:51 Ziggurat
08:45 Black Citadel
08:47 Ziggurat
11:45 Necropolis
14:01 Ziggurat
» items
| Rod of Necromancy | 2 | |
| Staff of Teleportation | 1 | |
| Potion of Mana | 1 | |
| Scroll of Town Portal | 2 | |
| Potion of Healing | 1 | |
7 total
Chat log
(01:05 / All) TALONSAREIMBA: what race r u
(01:11 / All) dimelokid: ud
(01:17 / All) TALONSAREIMBA: ok.
(02:08 / All) TALONSAREIMBA: i still remember build orders after 8 years
(02:14 / All) TALONSAREIMBA: interesting
(05:22 / All) TALONSAREIMBA: let it happena ww
(09:14 / All) TALONSAREIMBA: u shoulda went fiends